 Dungeon Crawl Stone Soup version 0.32-a0-768-g0f6f1dd4b9 (webtiles) character file.

Game seed: 6011452051267143655

24135 ragingrage the Slicer (level 13, -1/74 HPs)
             Began as a Kobold Shapeshifter on Mar 18, 2024.
             Was a Follower of Uskayaw.
             Slain by an eight-headed hydra (7 damage)
             ... on level 4 of the Lair of Beasts.
             The game lasted 00:19:06 (14262 turns).

ragingrage the Slicer (Kobold Shapeshifter)        Turns: 14262, Time: 00:19:06

Health: -1/74      AC: 13    Str:  7    XL:     13   Next: 40%
Magic:  17/17      EV: 26    Int: 12    God:    Uskayaw [*.....]
Gold:   435        SH:  5    Dex: 19    Spells: 10/12 levels left

rFire   + . .        b - +1 rapier (flame)
rCold   . . .        U - +0 buckler
rNeg    . . .        i - melded +0 acid dragon scales
rPois   .            C - +1 helmet
rElec   .            x - scarf {+Inv}
rCorr   .            K - +5 pair of gloves "Dozxosioh" {rF+ Will+ Regen+ Str-4}
SInv    .            B - +0 pair of boots
Will    +....        J - amulet of regeneration
Stlth   +++++        t - +5 ring of evasion
HPRegen 1.92/turn    Y - +4 ring of protection
MPRegen 0.15/turn

%: no passive effects
@: about to teleport, maw-form
A: devouring maw, small, no large weapons, nightstalker 3
a: Begin Untransformation, Renounce Religion, Evoke Invisibility, Stomp


You were on level 4 of the Lair of Beasts.
You worshipped Uskayaw.
Uskayaw was noncommittal.
You were a creature with a mouth for a stomach.
You visited 3 branches of the dungeon, and saw 15 of its levels.

You collected 767 gold pieces.
You spent 332 gold pieces at shops.

Inventory:

Hand Weapons
 a - a +3 dagger
 b - a +1 rapier of flaming (weapon)
 T - a +2 scimitar
Missiles
 j - 55 poisoned darts (quivered)
 l - 26 boomerangs
Armour
 i - +0 acid dragon scales (melded)
 r - a scarf of repulsion
 x - a scarf of invisibility (worn)
 B - a +0 pair of boots (worn)
 C - a +1 helmet (worn)
 K - the +5 pair of gloves "Dozxosioh" (worn) {rF+ Will+ Regen+ Str-4}
   (You bought it in a shop on level 1 of the Dungeon)

   Str-4:     It affects your strength (-4).
   rF+:       It protects you from fire.
   Will+:     It increases your willpower.
   Regen+:    It increases your rate of health regeneration.
 U - a +0 buckler (worn)
Jewellery
 t - a +5 ring of evasion (left hand)
 J - an amulet of regeneration (around neck)
 Y - a +4 ring of protection (right hand)
Talismans
 W - a maw talisman (active)
Wands
 y - a wand of acid (23)
 A - a wand of polymorph (7)
 D - a wand of iceblast (12)
 I - a wand of flame (24)
 R - a wand of digging (5)
 X - a wand of paralysis (15)
Scrolls
 c - a scroll of identify
 f - 3 scrolls of poison
 h - 2 scrolls of fog
 n - 3 scrolls of teleportation
 s - a scroll of torment
 w - 4 scrolls of amnesia
 F - 2 scrolls of blinking
 G - 4 scrolls of enchant armour
 H - 4 scrolls of immolation
 L - 2 scrolls of vulnerability
 M - a scroll of fear
 N - 2 scrolls of brand weapon
 O - 2 scrolls of noise
 S - 2 scrolls of silence
 V - 2 scrolls of revelation
Potions
 e - a potion of attraction {unknown}
 g - a potion of haste {unknown}
 k - 3 potions of degeneration
 m - a potion of berserk rage {unknown}
 o - 2 potions of mutation {unknown}
 p - a potion of magic {unknown}
 q - 4 potions of heal wounds
 u - 7 potions of curing
 v - a potion of brilliance {unknown}
 z - 2 potions of enlightenment {unknown}
 P - a potion of invisibility {unknown}
 Q - a potion of might {unknown}
Miscellaneous
 Z - a phial of floods


   Skills:
 + Level 6.2 Fighting
 - Level 14.0 Short Blades
 + Level 11.6 Dodging
 - Level 7.0 Stealth
 - Level 4.0 Shields
 - Level 3.0 Unarmed Combat
 + Level 6.2 Invocations
 + Level 8.5 Evocations
 - Level 10.0 Shapeshifting


You had 10 spell levels left.
You knew the following spells:

 Your Spells              Type           Power      Damage    Failure   Level
a - Blink                 Tloc           0%         N/A       61%         2

Your spell library contained the following spells:

 Spells                   Type           Power      Damage    Failure   Level
 Necrotise                Necr           0%         1d4       45%         1
 Sandblast                Erth           0%         2d4       45%         1
 Summon Small Mammal      Summ           0%         N/A       45%         1
 Lesser Beckoning         Tloc           0%         N/A       61%         2
 Mercury Vapours          Alch/Air       0%         N/A       61%         2
 Momentum Strike          Conj/Tloc      0%         3d8       61%         2
 Call Canine Familiar     Summ           0%         N/A       83%         3
 Frozen Ramparts          Ice            0%         1d1       83%         3
 Mephitic Cloud           Conj/Alch/Air  0%         N/A       83%         3
 Ozocubu's Armour         Ice            0%         N/A       83%         3
 Sigil of Binding         Hex            0%         N/A       83%         3
 Stone Arrow              Conj/Erth      0%         3d7       83%         3
 Vampiric Draining        Necr           0%         2d6       83%         3
 Anguish                  Hex/Necr       0%         N/A       99%         4
 Brom's Barrelling Bould  Conj/Erth      0%         2d3       99%         4
 Cause Fear               Hex            0%         N/A       99%         4
 Dimensional Bullseye     Hex/Tloc       0%         N/A       99%         4
 Martyr's Knell           Necr/Summ      0%         N/A       99%         4
 Summon Blazeheart Golem  Fire/Summ      0%         N/A       99%         4
 Curse of Agony           Necr           0%         N/A       100%        5
 Freezing Cloud           Conj/Ice/Air   0%         6-21      100%        5
 Metabolic Englaciation   Hex/Ice        0%         N/A       100%        5
 Enfeeble                 Hex            0%         N/A       100%        7


Dungeon Overview and Level Annotations

Branches:
Dungeon (10/15)            Temple (1/1) D:7            Lair (4/5) D:9
  Swamp (0/4) Lair:3       Spider (0/4) Lair:3          Orc (0/2) D:10
  Slime: Lair:4-5

Altars:
Ashenzari
Cheibriados
Dithmenos
Elyvilon
Fedhas
Gozag
Hepliaklqana
Kikubaaqudgha
Makhleb
Nemelex Xobeh
Okawaru
Qazlal
Ru
Sif Muna
Trog
Uskayaw
Vehumet
Wu Jian
Xom
Yredelemnul
Zin
The Shining One

Shops:
D:1 [   D:5 [   D:7 **

Annotations:
D:5 1 runed translucent door, pokeman's ghost, novice DEHW
Lair:3 exclusion: downstairs


Innate Abilities, Weirdness & Mutations

You are a creature with a mouth for a stomach.
Your midsection houses a second, enormous mouth.
You are small and have problems with some larger weapons.
You are completely attuned to the shadows.


Message History

A dream sheep comes into view.
You hear a loud, deep croak!
The eight-headed hydra roars!
A dream sheep comes into view.
The eight-headed hydra bites you!!!
You wake up.
Ouch! That really hurt!
The eight-headed hydra completely misses you.
You block the eight-headed hydra's attack.
The eight-headed hydra completely misses you.
The eight-headed hydra barely misses you.
The eight-headed hydra bites you! The eight-headed hydra misses you.
The eight-headed hydra bites you but does no damage.
The dream sheep misses you.
Unknown command.
As you read the scroll of teleportation, it crumbles to dust.
You feel strangely unstable.
The eight-headed hydra completely misses you.
The eight-headed hydra bites you but does no damage.
The eight-headed hydra misses you.
The eight-headed hydra completely misses you.
The eight-headed hydra barely misses you.
The eight-headed hydra closely misses you.
The eight-headed hydra misses you.
The eight-headed hydra bites you but does no damage.
The eight-headed hydra attacks as it pursues you!
The eight-headed hydra closely misses you.
The eight-headed hydra bites you.
The eight-headed hydra closely misses you.
The eight-headed hydra misses you. The eight-headed hydra bites you.
The eight-headed hydra completely misses you.
The eight-headed hydra bites you but does no damage.
The eight-headed hydra closely misses you.
The dream sheep shake their wool and sparkle.
You feel drowsy...
You fall asleep.
The eight-headed hydra bites you!!
You wake up.
* * * LOW HITPOINT WARNING * * *
The eight-headed hydra completely misses you.
The eight-headed hydra bites you!
You die...
Your body falls in perfect tune with the rhythm.

#..... ...###.....
P...........
..#..#(.......
..#..#........
#...W#.......
#.#D.+.....).
P.###Y###.......
..YYY.# ###'####
##.Y#Y# #..#
.(.Y...####..#####
.......##........#
.... ..##........#
.....#.........#


You could see an eight-headed hydra and 4 dream sheep.

Vanquished Creatures
  A hydra (Lair:2)
  A manticore (D:9)
  An oklob plant (Lair:1)
  6 elephants
  A black mamba (Lair:4)
  6 cane toads
  2 rime drakes
  A tengu conjurer (D:9)
  2 komodo dragons
  A troll (D:10)
  11 blink frogs
  13 dream sheep (Lair:3)
  A shadow (D:9)
  A wyvern (D:9)
  40 yaks
  Eustachio (D:5)
  6 basilisks
  A redback (Lair:3)
  3 vampire mosquitoes (D:10)
  A steam dragon (D:8)
  An acid dragon (D:5)
  6 water moccasins
  An orc warrior (D:9)
  A black bear (D:5)
  5 phantoms
  10 wolves
  3 kobold brigands
  8 bullfrogs
  A gnoll sergeant (D:9)
  3 scorpions
  14 wights
  3 bombardier beetles
  7 howler monkeys
  2 hounds
  A jelly (D:6)
  Crazy Yiuf (D:3)
  4 orc priests
  4 gnoll boudas
  6 orc wizards
  3 iguanas
  5 hell rats
  Ijyb (D:3)
  Robin (D:3)
  7 adders
  16 gnolls
  2 river rats (D:4)
  A white imp (D:8)
  2 ufetubi (D:5)
  2 ribbon worms
  3 dart slugs
  19 orcs
  5 endoplasms
  5 giant cockroaches
  10 goblins
  10 hobgoblins
  8 jackals
  2 quokkas
  7 ball pythons
  5 bats
  5 frilled lizards
  30 kobolds
  3 rats
333 creatures vanquished.

Vanquished Creatures (others)
  An arcanist (D:7)
  An orc (D:9)
2 creatures vanquished.

Grand Total: 335 creatures vanquished

Notes
Turn   | Place    | Note
-------+----------+-------------------------------------------
     0 | D:1      | ragingrage the Kobold Shapeshifter began the quest for the
                  | Orb.
     0 | D:1      | Reached XP level 1. HP: 12/12 MP: 1/1
    63 | D:1      | Found Vioqoi Pocve's Antique Armour Shop.
   100 | D:1      | Reached skill level 1 in Stealth
   171 | D:1      | Reached XP level 2. HP: 16/16 MP: 2/2
   965 | D:2      | Reached skill level 1 in Short Blades
   965 | D:2      | Reached XP level 3. HP: 20/20 MP: 3/3
   985 | D:2      | Reached skill level 2 in Short Blades
  1201 | D:2      | Reached skill level 3 in Short Blades
  1204 | D:2      | Reached XP level 4. HP: 19/25 MP: 4/4
  1744 | D:2      | Reached skill level 4 in Short Blades
  2023 | D:3      | Reached XP level 5. HP: 29/29 MP: 5/5
  2070 | D:3      | Found a shimmering blue altar of Sif Muna.
  2304 | D:3      | Noticed Ijyb
  2304 | D:3      | Noticed Robin
  2409 | D:3      | Found a runed translucent door.
  2412 | D:3      | Noticed Crazy Yiuf
  2468 | D:3      | Killed Robin
  2580 | D:3      | Killed Ijyb
  2581 | D:3      | Reached skill level 5 in Short Blades
  2780 | D:3      | Killed Crazy Yiuf
  2781 | D:3      | Reached XP level 6. HP: 5/35 MP: 6/6
  2785 | D:3      | HP: 1/35 [poisoned by Crazy Yiuf]
  3393 | D:5      | Entered Level 5 of the Dungeon
  3552 | D:4      | Reached skill level 6 in Short Blades
  3602 | D:4      | Reached skill level 7 in Short Blades
  3602 | D:4      | Reached XP level 7. HP: 34/40 MP: 7/7
  3784 | D:4      | Reached skill level 8 in Short Blades
  4194 | D:5      | Reached skill level 9 in Short Blades
  4249 | D:5      | Reached XP level 8. HP: 44/44 MP: 8/8
  4304 | D:5      | Reached skill level 10 in Short Blades
  4394 | D:5      | Reached skill level 1 in Evocations
  4643 | D:5      | Found a runed translucent door.
  4644 | D:5      | Noticed pokeman's ghost (novice DEHW)
  4868 | D:5      | Reached skill level 5 in Dodging
  4949 | D:5      | Found Hipena Tau's Armour Boutique.
  5040 | D:5      | Noticed Eustachio
  5109 | D:5      | Killed Eustachio
  5110 | D:5      | Reached skill level 5 in Stealth
  5110 | D:5      | Reached XP level 9. HP: 45/52 MP: 9/9
  5427 | D:1      | Bought a pair of bloodstained gloves for 256 gold pieces
  5427 | D:1      | Identified the +5 pair of gloves "Dozxosioh" {rF+ Will+
                  | Regen+ Str-4} (You bought it in a shop on level 1 of the
                  | Dungeon)
  6686 | D:7      | Found a staircase to the Ecumenical Temple.
  6693 | Temple   | Entered the Ecumenical Temple
  6702 | Temple   | Became a worshipper of Uskayaw the Reveller
  6742 | D:7      | Reached * piety under Uskayaw
  6751 | D:7      | Reached ** piety under Uskayaw
  6780 | D:7      | Found Kugh's Assorted Antiques.
  6786 | D:7      | Bought a scroll labelled ESOF OJADDAGE for 19 gold pieces
  6786 | D:7      | Bought 3 scrolls labelled NILAPO LUAMIPP for 57 gold pieces
  6946 | D:7      | Reached *** piety under Uskayaw
  6952 | D:7      | Reached **** piety under Uskayaw
  7255 | D:7      | Found Giruzaqu's Gadget Gallery.
  7357 | D:7      | Reached ***** piety under Uskayaw
  7506 | D:7      | Found a bloodstained altar of Trog.
  7509 | D:7      | Noticed a wizard
  7521 | D:7      | Killed a wizard
  7598 | D:7      | Found a white marble altar of Elyvilon.
  7931 | D:8      | Reached skill level 5 in Fighting
  7933 | D:8      | Reached skill level 11 in Short Blades
  7933 | D:8      | Reached skill level 5 in Evocations
  8123 | D:8      | Reached XP level 10. HP: 59/59 MP: 10/10
  8147 | D:8      | Reached ****** piety under Uskayaw
  8371 | D:9      | Found a sparkling altar of Nemelex Xobeh.
  8509 | D:9      | Found a broken altar of Ashenzari.
  8510 | D:9      | Saw a vision of the Swamp and the Spider Nest.
  8510 | D:9      | Noticed an orb spider
  8510 | D:9      | Noticed a torpor snail
  8510 | D:9      | Noticed a spriggan rider
  8511 | D:9      | Noticed a pharaoh ant
  8512 | D:9      | Noticed a demonic crawler
  8655 | D:9      | Reached skill level 12 in Short Blades
  8659 | D:9      | Reached skill level 1 in Shields
  8670 | D:9      | Noticed a manticore
  8687 | D:9      | Killed a manticore
  9066 | D:9      | Found an opulent altar of Gozag.
  9102 | D:9      | Noticed an elephant
  9146 | D:9      | Killed an elephant
  9147 | D:9      | Reached skill level 1 in Invocations
  9147 | D:9      | Reached XP level 11. HP: 61/63 MP: 10/12
  9183 | D:9      | Found a staircase to the Lair.
  9256 | D:9      | Noticed a boulder beetle
  9256 | D:9      | Noticed a shambling mangrove
  9258 | D:9      | Noticed a demonic crawler
  9330 | D:9      | Found a blossoming altar of Fedhas.
  9336 | D:9      | Found a hazy altar of Hepliaklqana.
  9469 | D:10     | Entered Level 10 of the Dungeon
  9553 | D:10     | Reached skill level 13 in Short Blades
  9803 | D:10     | Reached skill level 5 in Shapeshifting
 10354 | D:10     | Found a staircase to the Orcish Mines.
 10560 | Lair:1   | Entered Level 1 of the Lair of Beasts
 10714 | Lair:1   | Reached skill level 10 in Dodging
 10887 | Lair:1   | Reached XP level 12. HP: 63/68 MP: 15/15
 11005 | Lair:1   | Reached skill level 5 in Invocations
 11011 | Lair:1   | Reached skill level 14 in Short Blades
 11554 | Lair:1   | Found a blossoming altar of Fedhas.
 11824 | Lair:2   | Noticed a five-headed hydra
 11828 | Lair:2   | Killed a five-headed hydra
 12438 | Lair:2   | Found a frozen archway.
 12533 | Lair:2   | Identified the +9 plate armour "Ocuhedgh" {Int+4}
 12870 | Lair:3   | Reached XP level 13. HP: 62/72 MP: 16/16
 12873 | Lair:3   | Reached skill level 10 in Shapeshifting
 13122 | Lair:3   | Found a hole to the Spider Nest.
 13463 | Lair:3   | Found a staircase to the Swamp.
 13567 | Lair:3   | Learned a level 2 spell: Blink
 14254 | Lair:4   | Noticed an eight-headed hydra
 14262 | Lair:4   | Slain by an eight-headed hydra

Illustrated notes

Levels and vault maps discovered:
D:1:      lemuel_arrival_muddy, layout_basic, serial_shops, shop,
          nrook_mini_vaults
D:2:      layout_basic, minmay_pentomino_p4
D:3:      layout_rooms, mainiacjoe_overflow_six_doors_small,
          nicolae_goblin_pals, uniq_crazy_yiuf_cottage
D:4:      layout_basic, portal_sewer_entry_e
D:5:      layout_loops_ring, ebering_ghost_inner_flame, serial_shops, shop,
          minmay_joined_circles, uniq_eustachio
D:6:      layout_rooms
D:7:      kennysheep_kobold_camp, layout_basic, trog_wizard,
          nicolae_elyvilon_temple_path, minmay_temple_entry_proselytizer,
          serial_shops, kennysheep_little_box, minmay_misc_feat_rows,
          nicolae_shop_gadgets
D:8:      layout_basic
D:9:      kennysheep_blocky_room, layout_loops_ring, lemuel_crystal_altar,
          grunt_ashenzari_visionary [grunt_ashenzari_visionary_swamp,
          grunt_ashenzari_visionary_spider], old_standard_altar,
          amethyst_overflow_temple_binary, david_lair_generic,
          minmay_misc_feat_hallway, serial_park_tiny_1
D:10:     layout_basic, orc_0_dummy
Temple:   nicolae_temple_two_arcs
Lair:1:   layout_gridlike, columned_hall_lemuel, tgw_fedhas
Lair:2:   layout_roguey, portal_ice_cave_entry_ice_simulacra, grunt_megastairs_3
Lair:3:   layout_cave_pods, swamp_mist_pool, spider_nest_entry_rubble,
          dreamdust_gnoll_shepherd
Lair:4:   layout_roguey, slime_entry_1

Skill      XL: |  1  2  3  4  5  6  7  8  9 10 11 12 13 |
---------------+----------------------------------------+-----
Stealth        | 2 3 5 6 7 |  7.0
Short Blades   | 1 3 4 5 7 9 10 11 12 13 14 | 14.0
Dodging        | 3 4 5 7 8 10 11 | 11.6
Fighting       | 2 3 5 6 |  6.2
Evocations     | 3 5 7 8 |  8.5
Shields        | 2 4 |  4.0
Shapeshifting  | 4 5 9 10 | 10.0
Invocations    | 1 4 5 6 |  6.2
Unarmed Combat | |  3.0

Action                     |  1- 3 |  4- 6 |  7- 9 | 10-12 | 13-15 || total
---------------------------+-------+-------+-------+-------+-------++-------
  Melee: Unarmed           |    26 |       |    39 |       |       ||    65
         Dagger            |    65 |   165 |   183 |       |       ||   413
         Rapier            |       |       |   239 |   668 |   121 ||  1028
         Punch             |       |       |     1 |       |       ||     1
         Maw               |       |       |       |       |    45 ||    45
  Throw: Dart              |       |       |     1 |       |       ||     1
  Evoke: Wand              |       |       |     3 |     4 |       ||     7
    Use: Potion            |       |     1 |     6 |     1 |       ||     8
         Scroll            |       |       |    12 |     5 |     3 ||    20
   Stab: Sleeping          |     6 |    10 |    22 |    15 |     5 ||    58
         Distracted        |       |     1 |       |     1 |       ||     2
         Paralysed         |       |       |    13 |    33 |     8 ||    54
 Armour: Animal skin       |    10 |       |       |       |       ||    10
         Ring mail         |    21 |    56 |    31 |       |       ||   108
         Skin              |       |       |    42 |       |    31 ||    73
         Acid dragon scale |       |       |    66 |   160 |     1 ||   227
  Dodge: Dodged            |    36 |    94 |   311 |   430 |    79 ||   950
  Block: Other             |    11 |    22 |    66 |       |       ||    99
         Reflection        |       |       |     1 |       |       ||     1
         Buckler           |       |       |       |   118 |    19 ||   137
         Form:             |       |     1 |       |       |       ||     1
         Maw               |       |       |       |       |     1 ||     1

Table legend: (Time is in decaauts)
 A = Elapsed time spent in this place.
 B = Non-inter-level travel time spent in this place.
 C = Inter-level travel time spent in this place.
 D = Time resting spent in this place.
 E = Time spent auto-exploring this place.
 F = Levels seen in this place.
 G = Mean time per level.
                   A        B        C        D        E       F      G
               +--------+--------+--------+--------+--------+-----+--------+
         Total |  13741 |  12874 |    867 |    926 |   9374 |  15 |  916.1 |
       Dungeon |  10231 |   9448 |    783 |    699 |   6840 |  10 | 1023.1 |
        Temple |     18 |      1 |     17 |      0 |      0 |   1 |   18.0 |
          Lair |   3490 |   3423 |     67 |    227 |   2533 |   4 |  872.5 |
               +--------+--------+--------+--------+--------+-----+--------+

Top non-repeatable levels by time:
  Lair:3: 1523 daAuts
     D:1: 1523 daAuts
     D:5: 1414 daAuts
     D:9: 1174 daAuts
     D:2: 1058 daAuts
  Lair:1: 1057 daAuts
     D:7: 1040 daAuts
     D:3: 1039 daAuts
     D:4: 998 daAuts
    D:10: 980 daAuts
  Lair:2: 810 daAuts
     D:8: 567 daAuts
     D:6: 435 daAuts
  Lair:4: 99 daAuts
  Temple: 18 daAuts
